Map: Todesaura LE

Players

Zabura - Winner!

  • Race: Protoss Protoss
  • League: Master
  • Spawn Location: 11:00

IlIlIlIlIlIl

  • Race: Terran Terran
  • Spawn Location: 5:00

VOD

Have the link to the VOD?

Description

Time

  • Played on: Oct. 25, 2020, 4:31 a.m.
  • Length: 14:09
Show
View Real Time Build Order
Export as new Build Order

Zabura Protoss - Winner!

Build Orders: 1 Gate Expand, Blink Stalkers 

Get SALT Encoding   

  12  0:00  Probe  
  13  0:13  Probe  
  14  0:17  Pylon  
  14  0:25  Probe  
  15  0:37  Probe (Chrono Boost)  
  16  0:42  Gateway  
  16  0:48  Assimilator  
  16  0:49  Probe (Chrono Boost)  
  17  0:54  Probe (Chrono Boost)  
  18  1:03  Probe  
  19  1:15  Probe  
  20  1:30  Cybernetics Core  
  20  1:37  Nexus  
  20  1:38  Probe  
  21  1:45  Pylon  
  21  1:50  Probe  
  21  1:52  Assimilator  
  22  2:02  Probe  
  22  2:05  Adept (Chrono Boost)  
  25  2:14  Probe  
  26  2:21  Warp Gate  
  26  2:25  Adept (Chrono Boost)  
  26  2:26  Twilight Council  
  27  2:38  Probe  
  28  2:46  Pylon  
  28  2:49  Probe  
  28  2:50  Adept, Probe  
  32  3:01  Probe  
  32  3:02  Probe  
  33  3:13  Probe  
  33  3:14  Probe  
  35  3:22  Blink (Chrono Boost)  
  35  3:25  Probe  
  35  3:26  Stalker, Probe  
  39  3:38  Probe (Chrono Boost), Robotics Facility  
  41  3:44  Probe (Chrono Boost)  
  41  3:48  Probe (Chrono Boost)  
  42  3:59  Probe  
  41  4:04  Probe  
  42  4:11  Probe  
  42  4:16  Probe  
  42  4:19  Stalker  
  42  4:23  Gateway, Probe  
  43  4:24  Gateway  
  43  4:28  Observer (Chrono Boost), Probe  
  43  4:29  Forge  
  43  4:30  Gateway  
  45  4:32  Assimilator  
  45  4:35  Probe  
  46  4:40  Probe  
  46  4:41  Observer (Chrono Boost)  
  46  4:42  Templar Archives  
  48  4:48  Probe  
  49  4:54  Nexus  
  49  4:56  Stalker, Pylon  
  49  4:59  Probe  
  52  5:02  Assimilator  
  52  5:05  Pylon  
  52  5:09  Protoss Ground Weapons Level 1 (Chrono Boost)  
  52  5:10  Probe (Chrono Boost)  
  52  5:11  Probe (Chrono Boost)  
  54  5:20  Observer  
  54  5:21  Charge  
  54  5:22  Probe (Chrono Boost)  
  54  5:23  Probe (Chrono Boost)  
  54  5:25  Stalker x2  
  60  5:32  Probe (Chrono Boost)  
  60  5:33  Probe (Chrono Boost)  
  62  5:45  Pylon  
  54  6:11  Psionic Storm  
  54  6:16  Probe x2  
  56  6:23  High Templar  
  56  6:25  Zealot x3  
  64  6:27  Probe  
  64  6:28  Probe  
  66  6:33  Gateway  
  66  6:35  Gateway  
  66  6:36  Gateway  
  66  6:37  Probe  
  66  6:39  Observer (Chrono Boost), Probe  
  69  6:41  Gateway  
  69  6:42  Pylon  
  69  6:44  Probe  
  70  6:48  High Templar  
  70  6:49  Zealot x2, Probe  
  70  6:52  Observer (Chrono Boost)  
  78  7:01  Stalker  
  80  7:04  Probe x2  
  82  7:23  Stalker, Zealot x2  
  82  7:25  Probe x2 (Chrono Boost)  
  82  7:26  Probe (Chrono Boost)  
  91  7:35  Zealot x3, Pylon, Probe x3 (Chrono Boost)  
  100  7:40  Pylon  
  82  8:06  Archon  
  72  8:15  Zealot x2  
  72  8:16  High Templar x2  
  72  8:17  Zealot x4  
  72  8:19  Probe (Chrono Boost)  
  88  8:21  Probe (Chrono Boost)  
  88  8:24  Probe (Chrono Boost)  
  88  8:26  Immortal (Chrono Boost)  
  89  8:27  Assimilator  
  89  8:30  Probe x2 (Chrono Boost)  
  89  8:31  Assimilator  
  89  8:32  Robotics Bay  
  89  8:33  Probe (Chrono Boost), Protoss Ground Armor Level 1  
  96  8:34  Probe (Chrono Boost)  
  96  8:35  Robotics Facility  
  96  8:41  Forge  
  97  8:43  High Templar x2, Nexus  
  97  8:44  Zealot x4  
  97  8:45  Pylon  
  97  8:46  Probe x2, Pylon  
  97  8:47  Probe  
  112  8:59  Photon Cannon  
  112  9:03  Warp Prism  
  112  9:04  Zealot  
  112  9:07  High Templar x3  
  122  9:19  Probe x2  
  122  9:23  Pylon  
  124  9:24  Pylon  
  124  9:26  Pylon  
  124  9:27  Pylon  
  124  9:28  Disruptor  
  125  9:45  Pylon  
  125  9:47  Robotics Bay  
  125  9:51  Stalker  
  125  9:52  Stalker x6  
  129  10:01  Photon Cannon  
  129  10:03  Photon Cannon  
  129  10:20  Probe  
  129  10:21  Probe x2  
  132  10:24  Immortal x2 (Chrono Boost)  
  132  10:28  Zealot x3, Pylon  
  146  10:36  Photon Cannon  
  146  10:37  Photon Cannon  
  146  10:47  Zealot x5  
  154  11:09  Zealot x6  
  162  11:12  Colossus  
  162  11:16  Colossus  
  162  11:17  Zealot  
  158  11:49  Stalker x5  
  158  11:50  Stalker x2  
  169  12:08  Probe x2  
  169  12:09  Extended Thermal Lance (Chrono Boost), Probe  
  169  12:15  Pylon  
  169  12:18  Pylon  
  169  12:23  Pylon  
  169  12:30  Colossus (Chrono Boost)  
  169  12:32  Colossus (Chrono Boost)  
  181  12:42  Dark Shrine, Probe x2  
  183  12:44  Assimilator  
  183  12:45  Assimilator  
  183  12:56  Nexus  
  183  13:03  Pylon  
  183  13:05  Pylon  
  183  13:09  Disruptor (Chrono Boost)  
  183  13:10  Disruptor (Chrono Boost)  
  189  13:14  Gateway x2  
  189  13:16  Gateway x2  
  189  13:17  Gateway, Pylon  
  189  13:18  Gateway  
  189  13:19  Gateway  
  189  13:22  Pylon  
  189  13:28  Zealot x4  
  189  13:29  Zealot  
  193  13:35  Zealot  
  193  13:37  Zealot x2  
  199  13:41  Archon x3  
  172  14:06  Zealot x8  
Show
View Real Time Build Order
Export as new Build Order

IlIlIlIlIlIl Terran 

Build Orders: Reaper Expand 

Get SALT Encoding   

  12  0:02  SCV  
  13  0:14  SCV  
  13  0:17  Supply Depot  
  14  0:26  SCV  
  15  0:43  Barracks  
  15  0:44  SCV  
  15  0:47  Refinery  
  16  0:56  SCV  
  17  1:08  SCV  
  18  1:20  SCV  
  19  1:32  Reaper  
  21  1:33  Orbital Command  
  20  1:47  Command Center  
  20  1:59  Supply Depot  
  20  2:00  SCV  
  21  2:04  Marine  
  22  2:12  Bunker  
  22  2:16  SCV  
  23  2:23  Factory  
  23  2:24  Barracks Reactor  
  23  2:28  SCV  
  24  2:44  SCV  
  24  2:49  Refinery  
  25  2:53  Bunker  
  25  2:56  SCV  
  26  3:10  SCV  
  26  3:11  Orbital Command  
  25  3:22  SCV  
  25  3:26  Marine  
  25  3:27  Marine, Hellion  
  27  3:31  Starport  
  30  3:34  SCV  
  30  3:39  SCV  
  32  3:43  Marine  
  32  3:46  SCV  
  34  3:49  Hellion  
  34  3:51  SCV  
  37  4:06  Marine x2  
  37  4:10  Hellion  
  37  4:12  SCV x2  
  41  4:24  Marine x2, SCV x2  
  41  4:30  Medivac  
  46  4:43  Supply Depot, SCV x2, Hellion  
  46  4:45  Barracks  
  50  4:46  Barracks  
  50  4:47  Supply Depot  
  50  4:48  Marine x2, Engineering Bay  
  52  4:55  SCV x2  
  52  4:59  Refinery  
  54  5:00  Starport Tech Lab  
  54  5:04  Factory Tech Lab  
  54  5:11  Marine  
  55  5:16  Terran Infantry Weapons Level 1  
  55  5:21  Raven  
  55  5:23  Missile Turret, Siege Tank  
  55  5:24  Marine  
  55  5:27  SCV  
  55  5:28  SCV  
  63  5:29  Marine  
  63  5:34  Barracks Tech Lab, Barracks Reactor  
  64  5:39  SCV  
  64  5:42  Marine  
  66  5:46  Marine  
  67  6:00  Marine  
  66  6:04  Marine  
  66  6:07  Siege Tank  
  66  6:08  Viking  
  66  6:10  Stimpack, Marine x2  
  70  6:14  Marauder  
  70  6:19  Supply Depot  
  70  6:20  Marine, SCV x2  
  70  6:22  Marine  
  70  6:23  Supply Depot  
  70  6:25  Refinery  
  74  6:31  Marine x2  
  74  6:32  SCV x2  
  78  6:42  Supply Depot  
  78  6:44  SCV x2  
  81  6:50  Siege Tank  
  81  6:51  Marine x2  
  85  6:59  SCV x2  
  87  7:10  Marine x2  
  87  7:11  Combat Shield, Marauder x2, Command Center  
  87  7:13  Medivac  
  87  7:14  Medivac  
  95  7:26  Siege Tank  
  95  7:28  Marine x2  
  100  7:30  SCV  
  100  7:31  SCV  
  100  7:33  Supply Depot  
  100  7:36  Terran Infantry Armor Level 1  
  102  7:38  Marauder x2  
  106  7:49  Concussive Shells  
  99  7:58  Marine x2  
  91  7:59  Medivac x2  
  91  8:00  Marauder x2  
  77  8:16  Marine x2  
  77  8:18  SCV x2  
  80  8:21  Marauder x2  
  84  8:27  Barracks  
  84  8:28  Barracks, Orbital Command  
  84  8:30  SCV  
  84  8:31  Supply Depot  
  84  8:34  Marine x2  
  85  8:35  Siege Tank  
  85  8:36  Medivac  
  92  8:42  Marine, Marauder  
  95  8:54  Marine x2  
  97  8:58  SCV  
  97  8:59  SCV x2  
  97  9:00  Marauder  
  102  9:04  Marauder  
  102  9:05  Bunker  
  102  9:08  Refinery  
  104  9:11  SCV x3  
  104  9:12  Marine x2  
  104  9:15  Barracks Tech Lab  
  104  9:17  Barracks Reactor  
  109  9:22  Marauder  
  109  9:24  SCV x3  
  112  9:25  Marauder  
  112  9:30  Marine x2  
  118  9:36  SCV  
  118  9:42  Marauder  
  118  9:43  Medivac x2, Siege Tank, Marauder  
  129  9:46  Marauder  
  129  9:48  Marine x2  
  129  9:58  Marine x2  
  130  10:00  SCV x3  
  130  10:03  Refinery  
  130  10:04  Marine, Marauder, Command Center  
  130  10:05  Marine x2  
  138  10:08  Marauder  
  138  10:12  Supply Depot, SCV  
  138  10:13  Ghost Academy, Supply Depot x2  
  141  10:16  Armory  
  141  10:18  Ghost Academy  
  141  10:23  Marine, SCV x2  
  141  10:26  Marine, Marauder x2  
  149  10:33  Marine x3  
  152  10:38  Siege Tank  
  152  10:39  Medivac  
  152  10:41  Medivac, Marine  
  160  10:44  Marine, SCV x2  
  160  10:48  Marauder x2  
  167  10:51  Marine  
  167  10:54  SCV  
  158  11:11  Marine x5, Marauder x2  
  158  11:18  Siege Tank  
  159  11:29  Marine x4  
  159  11:30  Marauder  
  165  11:33  Marauder x2  
  165  11:35  Enhanced Shockwaves  
  165  11:38  Barracks  
  151  11:40  Barracks  
  151  11:45  Barracks  
  140  11:51  Marine x4, Marauder  
  140  11:52  Siege Tank  
  140  11:53  Ghost x2  
  149  12:00  Medivac  
  149  12:07  Engineering Bay  
  145  12:09  Marine x4  
  145  12:12  Ghost  
  147  12:16  Planetary Fortress  
  147  12:22  Ghost  
  149  12:23  Marauder  
  149  12:24  Siege Tank  
  149  12:27  Barracks Tech Lab  
  149  12:28  Barracks Tech Lab  
  149  12:29  Drilling Claws  
  154  12:40  Ghost  
  154  12:43  Ghost  
  156  12:44  SCV x2, Command Center  
  156  12:45  SCV  
  156  12:50  Ghost  
  163  13:03  Barracks Tech Lab  
  163  13:04  Marine  
  163  13:05  Marauder x2  
  169  13:06  Widow Mine  
  169  13:07  Medivac x2  
  173  13:21  Refinery  
  173  13:22  Refinery  
  173  13:23  Marine x4  
  173  13:24  Marine, Marauder  
  173  13:25  Supply Depot  
  170  13:44  Marine, Marauder  
  170  13:45  Marauder x3  
  178  13:49  Supply Depot  
Tags
 
Add a new tag
Caveats
  • Supply blocks, unpowered buildings, or Contaminate may cause inaccurate times.
  • Supply counts are checked every 10 seconds.